 Dungeon Crawl Stone Soup version 0.19-a0-1511-g16f215b (webtiles) character file.

235851 Swayfe the Eclecticist (level 19, -13/116 HPs)
             Began as a Gargoyle Earth Elementalist on Sept 11, 2016.
             Was the Champion of Vehumet.
             Mangled by an emperor scorpion (24 damage)
             ... on level 4 of the Spider Nest on Sept 12, 2016.
             The game lasted 03:34:05 (46862 turns).

Swayfe the Eclecticist (GrEE)                      Turns: 46862, Time: 03:34:06

Health: -13/116    AC: 43    Str: 15    XL:     19   Next: 64%
Magic:  4/48       EV: 15    Int: 32    God:    Vehumet [******]
Gold:   1708       SH:  7    Dex: 10    Spells: 8 memorised, 11 levels left

rFire  . . .     SeeInvis .     o - +11 trident of Popular Demand {flame, MR+}
rCold  + + .     Gourm    .     x - quicksilver dragon armour
rNeg   + . .     Faith    .     w - +2 buckler of Qien {rC++}
rPois  ∞         Spirit   .     I - +3 hat of Pondering {ponderous, MR+ MP+10 Int+5}
rElec  +         Dismiss  .     z - +2 cloak
rCorr  +         Reflect  .     a - +2 pair of gloves of Indemnity {Regen+ rCorr Stlth-}
MR     ++++.     Harm     .     G - +1 pair of boots of Qiog {Int+4}
Stlth  ..........               M - amulet of regeneration
                                W - +2 ring of protection
                                i - +2 ring of protection

@: flying, slow
A: big wings, negative energy resistance 1, electricity resistance, strong 1,
unbreathing, petrification resistance, rot immunity, AC +13
a: Stop Flying, Renounce Religion
}: 1/15 runes: decaying


You were on level 4 of the Spider Nest.
You worshipped Vehumet.
Vehumet was exalted by your worship.
You were not hungry.

You visited 6 branches of the dungeon, and saw 32 of its levels.
You also visited: Ice Cave and Volcano.

You collected 4421 gold pieces.
You spent 2713 gold pieces at shops.

Inventory:

Hand Weapons
 h - the +10 long sword of Cruel Justice {drain, rPois Int+2 Stlth-}
   (You found it on level 2 of the Spider Nest)

   A truly terrible weapon, it drains the life of those it strikes.
   It affects your intelligence (+2).
   It protects you from poison.
   It makes you less stealthy.
 l - the +8 whip "Snakebite" {curare, rPois}
   (You bought it in a shop on level 2 of the Orcish Mines)

   It poisons the flesh of those it strikes.
   It protects you from poison.
 o - the +11 trident of Popular Demand (weapon) {flame, MR+}
   (You took it off an orc on level 12 of the Dungeon)

   It has been specially enchanted to burn those struck by it, causing extra
   injury to most foes and up to half again as much damage against particularly
   susceptible opponents.
   It affects your resistance to hostile enchantments.
 A - the +6 short sword "Zemnehor" {elec, *Rage rPois rC+ MR++}
   (You found it on level 4 of the Dungeon)

   Occasionally, upon striking a foe, it will discharge some electrical energy
   and cause terrible harm.
   It protects you from cold.
   It protects you from poison.
   It affects your resistance to hostile enchantments.
   It may make you go berserk in combat.
Armour
 a - the +2 pair of gloves of Indemnity (worn) {Regen+ rCorr Stlth-}
   (You found it in an ice cave)

   It increases your rate of regeneration.
   It protects you from acid and corrosion.
   It makes you less stealthy.
 w - the +2 buckler of Qien (worn) {rC++}
   (You acquired it on level 12 of the Dungeon)

   It greatly protects you from cold.
 x - a quicksilver dragon armour (worn)
 z - a +2 cloak (worn)
 E - a +3 leather armour of magic resistance
 G - the +1 pair of boots of Qiog (worn) {Int+4}
   (You found it on level 8 of the Dungeon)

   It affects your intelligence (+4).
 I - the +3 hat of Pondering (worn) {ponderous, MR+ MP+10 Int+5}
   (You found it on level 9 of the Dungeon)

   It affects your intelligence (+5).
   It affects your resistance to hostile enchantments.
   It affects your magic capacity (+10).
Magical Staves
 j - an uncursed staff of earth
Jewellery
 i - a +2 ring of protection (left hand)
 M - an amulet of regeneration (around neck)
 W - a +2 ring of protection (right hand)
Wands
 e - a wand of iceblast (3/15)
 t - a wand of enslavement (14/24)
 P - a wand of disintegration (14/24)
 U - a wand of digging (15/24)
 V - a wand of heal wounds (0/9)
Scrolls
 b - 2 scrolls of magic mapping
 c - 11 scrolls of teleportation
 k - 3 scrolls of blinking
 n - a scroll of enchant armour
 v - 3 scrolls of identify
 B - 9 scrolls of recharging
 F - 5 scrolls of immolation
 J - a scroll of enchant weapon
 K - a scroll of fear
 N - 6 scrolls of amnesia
 R - 2 scrolls of fog
 S - 5 scrolls of remove curse
Potions
 g - 3 potions of cancellation
 m - 5 potions of invisibility
 p - 5 potions of brilliance
 q - 8 potions of curing
 r - 2 potions of haste
 s - 8 potions of agility
 H - 6 potions of might
 O - 4 potions of resistance
 X - 2 potions of ambrosia
Books
 y - a book of Death

   Spells                             Type                      Level
   a - Corpse Rot                     Necromancy                   2
   b - Sublimation of Blood           Necromancy                   2
   c - Agony                          Necromancy                   5
   d - Dispel Undead                  Necromancy                   5
   e - Excruciating Wounds            Charms/Necromancy            5
   f - Bolt of Draining               Conjuration/Necromancy       5
 C - a book of Flames

   Spells                             Type                      Level
   a - Flame Tongue                   Conjuration/Fire             1
   b - Throw Flame                    Conjuration/Fire             2
   c - Conjure Flame                  Conjuration/Fire             3
   d - Inner Flame                    Hexes/Fire                   3
   e - Sticky Flame                   Conjuration/Fire             4
   f - Fireball                       Conjuration/Fire             5
 Q - a book of Burglary

   Spells                             Type                      Level
   a - Swiftness                      Charms/Air                   2
   b - Passwall                       Transmutation/Earth          2
   c - Passage of Golubria            Translocation                4
   d - Lee's Rapid Deconstruction     Earth                        5
   e - Darkness                       Hexes                        6
   f - Invisibility                   Hexes                        6
Comestibles
 d - 9 bread rations
 f - 13 meat rations
 u - a slice of pizza
 L - 3 chunks of flesh


   Skills:
 + Level 11.8 Fighting
 - Level 1.0 Short Blades
 + Level 11.2 Maces & Flails
 + Level 10.1 Armour
 + Level 9.8 Dodging
 - Level 2.1 Stealth
 - Level 6.0 Shields
 * Level 15.0 Spellcasting
 + Level 12.7 Conjurations
   Level 0.7 Transmutations
 * Level 14.7 Fire Magic
 + Level 14.5 Earth Magic


You had 11 spell levels left.
You knew the following spells:

 Your Spells              Type           Power        Failure   Level  Hunger
a - Apportation           Tloc           ###.......   3%          1    None
b - Stone Arrow           Conj/Erth      ######       1%          3    None
c - Lee's Rapid Deconstr  Erth           #######...   1%          5    None
d - Fireball              Conj/Fire      #######...   1%          5    None
e - Bolt of Draining      Conj/Necr      ######....   2%          5    None
f - Iron Shot             Conj/Erth      #######...   1%          6    ###....
g - Bolt of Magma         Conj/Fire/Erth #######...   1%          5    None
h - Orb of Destruction    Conj           #######...   4%          7    #####..


Dungeon Overview and Level Annotations

Branches:
Dungeon (15/15)            Temple (1/1) D:4            Lair (6/6) D:10
  Swamp (4/4) Lair:3       Spider (4/4) Lair:2        Slime (0/5) Lair:5
    Orc (2/2) D:12            Elf (0/3) Orc:2        Vaults (0/5) D:14
 Depths (0/5) D:15

Altars:
Ashenzari
Cheibriados
Dithmenos
Elyvilon
Fedhas
Gozag
Hepliaklqana
Kikubaaqudgha
Makhleb
Nemelex Xobeh
Okawaru
Qazlal
Ru
Sif Muna
Trog
Uskayaw
Vehumet
Xom
Yredelemnul
Zin
The Shining One
Beogh
Jiyva

Shops:
D:4 *[[[   D:9 *   D:10 :   Orc:2 [*[(!?:


Innate Abilities, Weirdness & Mutations

You are resistant to torment.
Your stone body is resilient. (AC +13)
You are immune to poison.
Your large and strong wings let you fly indefinitely.
You resist negative energy. (rN+)
You are resistant to electric shocks. (rElec)
You can survive without breathing.
You are immune to petrification.
You are immune to rotting.
Your muscles are strong. (Str +2)


Message History

The emperor scorpion is severely wounded.
The emperor scorpion barely misses you.
The emperor scorpion claws you but does no damage.
The emperor scorpion barely misses you. The emperor scorpion stings you!!
* * * LOW HITPOINT WARNING * * *
The emperor scorpion claws you but does no damage. x2
You hit the emperor scorpion but do no damage.
The emperor scorpion is severely wounded.
The emperor scorpion closely misses you. x2
The emperor scorpion claws you!
* * * LOW HITPOINT WARNING * * *
The emperor scorpion stings you but does no damage.
The emperor scorpion claws you but does no damage.
The emperor scorpion closely misses you.
You hit the emperor scorpion but do no damage.
The emperor scorpion is severely wounded.
You block the emperor scorpion's attack.
The emperor scorpion completely misses you.
The emperor scorpion misses you. The emperor scorpion stings you!!
You die...

##### #.≈(### *###
#####.....#######≈≈###
###≈.≈≈.≈.††s@≈≈#≈≈≈...#
####^≈....##^≈##≈^.≈≈≈≈..#*
≈≈#...≈#≈≈##..###≈..≈##^##
≈≈≈..≈#####...# ##≈..≈#**
#††...#***#..##**#≈...#
≈..≈≈##*,,#.s#,,*##^..##
†(.### *,..##.,,* ##≈.≈##
.≈##***#...,,s.,*####..≈#
≈≈# *,,+...,,..y*#..#≈[.#


You could see an emperor scorpion (berserk).

Vanquished Creatures
  Arachne (Spider:4)
  Jorgrun (Swamp:3)
  An Ice Fiend (IceCv)
  2 thorn hunters
  The ghost of Grim the Fencer, an adept MiBe of Trog (Swamp:4)
  Kirke (Lair:6)
  Aizul (Swamp:2)
  An orc warlord (Orc:2)
  3 ghost moths
  9 emperor scorpions
  A stone giant (Orc:1)
  A vampire knight (D:12)
  2 green draconians (Swamp:3)
  6 entropy weavers
  3 spark wasps
  A deep elf high priest (D:13)
  2 fire dragons (Lair:6)
  14 hydras
  4 ice dragons (Swamp:4)
  6 centaur warriors
  A catoblepas (Lair:2)
  A ghost crab (Swamp:1)
  8 alligators
  A death yak (Lair:6)
  2 ogre magi
  A vampire mage (D:12)
  Urug (D:11)
  A hell knight (D:13)
  6 orc high priests
  Sonja (Lair:1)
  A spriggan druid (Swamp:3)
  5 swamp dragons
  3 unseen horrors
  A wizard (D:15)
  8 hill giants
  2 lindwurms (Lair:6)
  2 shambling mangroves
  2 oklob plants (Spider:3)
  4 orc knights
  5 griffons
  6 cyclopes
  2 deep elf magi (D:15)
  An orb spider (shapeshifter) (D:14)
  46 wolf spiders
  9 ugly things
  A hornet (shapeshifter) (D:15)
  18 orb spiders
  A manticore (D:14)
  8 hornets
  5 moths of wrath
  5 orc sorcerers
  16 elephants
  The ghost of xsansara the Basher, a novice GrBe of Trog (D:5)
  5 ice statues
  10 torpor snails
  2 black mambas
  21 spiny frogs
  A naga mage (D:15)
  9 rime drakes
  4 gargoyles
  A kobold demonologist (D:12)
  20 demonic crawlers
  4 anaconda simulacra (IceCv)
  2 efreet
  A redback zombie (D:15)
  10 komodo dragons
  A yaktaur (D:14)
  9 ice devils (IceCv)
  4 freezing wraiths (Swamp:4)
  33 jumping spiders
  16 giant leeches
  A red devil (Volcano)
  8 two-headed ogres
  6 trolls
  21 slime creatures
  11 blink frogs
  14 bog bodies
  17 flying skulls
  A boulder beetle (Spider:2)
  Sigmund (D:4)
  5 shadows
  49 yaks
  111 redbacks
  47 tarantellas
  8 vampires
  Eustachio (D:4)
  3 dire elephant simulacra (IceCv)
  2 hogs (Lair:6)
  9 spriggans
  3 wyverns
  A wraith (D:11)
  6 basilisks
  7 hippogriffs
  3 swamp worm simulacra (Swamp:4)
  2 hungry ghosts (D:14)
  A steam dragon (Lair:6)
  16 vampire mosquitoes
  Menkaure (D:4)
  7 mottled dragons
  An iron troll simulacrum (IceCv)
  11 insubstantial wisps
  7 wargs
  22 swamp worms
  14 hydra simulacra
  3 hell hounds
  18 water moccasins
  5 porcupines
  2 black bears
  2 ice beasts
  9 swamp drakes
  8 sky beasts
  An ettin simulacrum (IceCv)
  4 eyes of draining
  30 orc warriors
  12 ogres
  19 wasps
  4 phantoms
  19 wolves
  10 centaurs
  20 crocodiles
  The ghost of Razuka the Skirmisher, an amateur GrFi (D:3)
  6 big kobolds
  13 giant frogs
  34 scorpions
  A water moccasin skeleton (D:7)
  7 killer bees
  6 electric eels
  5 wights (D:11)
  A howler monkey (D:4)
  9 crimson imps
  2 centaur zombies
  7 jellies
  2 quasits
  A wasp zombie (D:12)
  15 orc priests
  3 centaur skeletons
  6 human zombies (D:12)
  6 hounds
  20 iguanas
  3 giant frog skeletons
  Terence (D:2)
  4 hell rats (D:12)
  15 orc wizards
  13 worker ants
  A hound skeleton (D:7)
  A howler monkey zombie (D:6)
  Robin (D:3)
  5 gnolls
  A howler monkey skeleton (D:7)
  8 adders
  41 river rats
  5 swamp drake simulacra (Swamp:4)
  3 oozes
  2 worms
  2 dart slugs
  8 giant geckos
  90 orcs
  4 giant cockroaches
  16 goblins
  11 hobgoblins
  2 jackals (D:6)
  7 quokkas
  4 ball pythons
  10 bats
  2 giant gecko zombies (D:8)
  10 giant newts
  A jackal skeleton (D:8)
  15 kobolds
  A quokka zombie (D:5)
  8 rats
  4 briar patches
  3 fungi
  3 plants
1422 creatures vanquished.

Vanquished Creatures (collateral kills)
  2 redbacks (Spider:1)
2 creatures vanquished.

Vanquished Creatures (others)
  A spriggan druid (Swamp:3)
  2 slime creatures (Swamp:1)
  A human (Lair:6)
  A swamp drake (Swamp:3)
  A quokka (D:5)
  2 bushes (Lair:6)
  28 fungi
  44 plants
80 creatures vanquished.

Grand Total: 1504 creatures vanquished

Notes
Turn   | Place    | Note
-------+----------+-------------------------------------------
     0 | D:1      | Swayfe the Gargoyle Earth Elementalist began the quest for the Orb.
     0 | D:1      | Reached XP level 1. HP: 10/10 MP: 3/3
   152 | D:1      | Reached XP level 2. HP: 15/15 MP: 1/5
   548 | D:1      | Reached XP level 3. HP: 19/19 MP: 2/7
   553 | D:1      | Learned a level 3 spell: Stone Arrow
  1400 | D:2      | Found a shattered altar of Ashenzari.
  1420 | D:2      | Noticed Terence
  1436 | D:2      | Killed Terence
  1436 | D:2      | Reached skill level 3 in Spellcasting
  1436 | D:2      | Reached skill level 1 in Conjurations
  1436 | D:2      | Reached XP level 4. HP: 6/24 MP: 1/8
  2578 | D:3      | Reached XP level 5. HP: 25/28 MP: 10/10
  2721 | D:3      | Learned a level 5 spell: Lee's Rapid Deconstruction
  2961 | D:3      | Noticed Robin
  2989 | D:3      | Killed Robin
  3116 | D:3      | Found a shattered altar of Ashenzari.
  3181 | D:3      | Noticed Razuka's ghost (amateur GrFi)
  3218 | D:3      | Killed Razuka's ghost
  3218 | D:3      | Reached skill level 4 in Spellcasting
  3218 | D:3      | Reached skill level 5 in Earth Magic
  3218 | D:3      | Reached XP level 6. HP: 12/32 MP: 1/12
  3474 | D:3      | Found a faded altar of an unknown god.
  3606 | D:4      | Noticed Eustachio
  3745 | D:4      | Killed Eustachio
  3753 | D:4      | Found Caquf's Book Boutique.
  3827 | D:4      | Reached XP level 7. HP: 27/36 MP: 7/14
  3846 | D:4      | Reached skill level 5 in Spellcasting
  3914 | D:4      | Found an iron altar of Okawaru.
  3927 | D:4      | Noticed Menkaure
  4016 | D:4      | Killed Menkaure
  4083 | D:4      | Found Boxupueq's Armour Shoppe.
  4168 | D:4      | Reached XP level 8. HP: 15/41 MP: 12/16
  4199 | D:4      | Reached skill level 6 in Spellcasting
  4597 | D:4      | Found Zyevou's Armour Boutique.
  4644 | D:4      | Found a staircase to the Ecumenical Temple.
  4659 | Temple   | Entered the Ecumenical Temple
  4726 | Temple   | Became a worshipper of Vehumet
  4923 | D:4      | Noticed Sigmund
  4927 | D:4      | Killed Sigmund
  4927 | D:4      | Reached skill level 5 in Conjurations
  4931 | D:4      | Found Eqaofy's Armour Emporium.
  4992 | D:4      | Got a smoking short sword
  4993 | D:4      | Identified the +6 short sword "Zemnehor" {elec, *Rage rPois rC+ MR++} (You found it on level 4 of the Dungeon)
  5063 | D:4      | Found Sytuoval's General Store.
  5327 | D:5      | Entered Level 5 of the Dungeon
  5364 | D:5      | Noticed xsansara's ghost (novice GrBe)
  5379 | D:5      | Killed xsansara's ghost
  5379 | D:5      | Reached skill level 1 in Fighting
  5379 | D:5      | Reached skill level 1 in Short Blades
  5379 | D:5      | Reached skill level 1 in Maces & Flails
  5379 | D:5      | Reached skill level 1 in Armour
  5379 | D:5      | Reached skill level 7 in Spellcasting
  5379 | D:5      | Reached XP level 9. HP: 24/47 MP: 1/19
  5592 | D:5      | Found a white marble altar of Elyvilon.
  6235 | D:5      | Found an ancient bone altar of Kikubaaqudgha.
  6314 | D:5      | Found a burning altar of Makhleb.
  6378 | D:5      | Learned a level 5 spell: Fireball
  6581 | D:6      | Reached * piety under Vehumet
  6581 | D:6      | Offered knowledge of Magic Dart by Vehumet.
  7192 | D:6      | Found a basalt altar of Yredelemnul.
  7504 | D:7      | Reached skill level 1 in Fire Magic
  8047 | D:8      | Found a glowing silver altar of Zin.
  8105 | D:8      | Found a hazy altar of Hepliaklqana.
  9086 | D:8      | Got a pair of bloodstained boots
  9097 | D:8      | Identified the +1 pair of boots of Qiog {Int+4} (You found it on level 8 of the Dungeon)
  9181 | D:8      | Found a snail-covered altar of Cheibriados.
  9237 | D:8      | Found an opulent altar of Gozag.
  9672 | D:8      | Reached XP level 10. HP: 55/55 MP: 21/21
  9674 | D:8      | Found a shadowy altar of Dithmenos.
  9812 | D:9      | Reached skill level 8 in Spellcasting
  9897 | D:9      | Noticed a griffon
 10362 | D:9      | Killed a griffon
 10473 | D:9      | Found Ciekk's General Store.
 10658 | D:9      | Reached ** piety under Vehumet
 10658 | D:9      | Offered knowledge of Freeze by Vehumet.
 11198 | D:9      | Noticed a hill giant
 11209 | D:9      | Killed a hill giant
 11486 | D:10     | Entered Level 10 of the Dungeon
 11502 | D:10     | Found Ziulum's Book Boutique.
 11762 | D:9      | Reached XP level 11. HP: 11/62 MP: 23/23
 11873 | D:9      | Reached skill level 5 in Fire Magic
 12109 | D:10     | Offered knowledge of Ignite Poison by Vehumet.
 12385 | D:10     | Reached *** piety under Vehumet
 12387 | D:10     | Reached skill level 5 in Fighting
 12421 | D:10     | Reached skill level 9 in Spellcasting
 12574 | D:10     | Offered knowledge of Dazzling Spray by Vehumet.
 12987 | D:10     | Noticed a hill giant
 13008 | D:10     | Killed a hill giant
 13198 | D:10     | Found a staircase to the Lair.
 13205 | Lair:1   | Entered Level 1 of the Lair of Beasts
 13285 | Lair:1   | Reached **** piety under Vehumet
 13494 | Lair:1   | Noticed Sonja
 13496 | Lair:1   | Killed Sonja
 13562 | Lair:1   | Reached skill level 5 in Armour
 13640 | Lair:1   | Offered knowledge of Bolt of Draining by Vehumet.
 13647 | Lair:1   | Learned a level 5 spell: Bolt of Draining
 13881 | Lair:1   | Found a dark tunnel.
 13890 | Volcano  | Entered a volcano
 14825 | Lair:2   | Noticed a griffon
 14834 | Lair:2   | Killed a griffon
 14834 | Lair:2   | Reached XP level 12. HP: 65/69 MP: 20/25
 14945 | Lair:2   | Noticed a catoblepas
 14971 | Lair:2   | Killed a catoblepas
 14971 | Lair:2   | Reached skill level 5 in Maces & Flails
 15313 | Lair:2   | Reached ***** piety under Vehumet
 15409 | Lair:2   | Offered knowledge of Lightning Bolt by Vehumet.
 15412 | Lair:2   | Reached skill level 5 in Dodging
 15889 | Lair:2   | Found a hole to the Spider Nest.
 16053 | Lair:3   | Reached skill level 10 in Spellcasting
 16087 | Lair:3   | Reached skill level 10 in Earth Magic
 16134 | Lair:3   | Found a staircase to the Swamp.
 17739 | Lair:4   | Noticed a seven-headed hydra
 17743 | Lair:4   | Killed a seven-headed hydra
 17743 | Lair:4   | Reached XP level 13. HP: 76/76 MP: 14/27
 19077 | Lair:5   | Got a transparent short sword
 19078 | Lair:5   | Identified the +5 short sword "Ynnusaff" {pain, rElec Str+6} (You found it on level 5 of the Lair of Beasts)
 19415 | Lair:5   | Found a viscous altar of Jiyva.
 19416 | Lair:5   | Found a staircase to the Slime Pits.
 19606 | Lair:6   | Entered Level 6 of the Lair of Beasts
 20084 | Lair:6   | Offered knowledge of Iron Shot by Vehumet.
 20093 | Lair:6   | Reached skill level 11 in Spellcasting
 20186 | Lair:6   | Learned a level 6 spell: Iron Shot
 20545 | Lair:6   | Gained mutation: Your large and strong wings let you fly indefinitely. [Gargoyle growth]
 20545 | Lair:6   | Reached XP level 14. HP: 82/82 MP: 13/29
 22083 | Lair:6   | Identified a scroll of acquirement
 22119 | Lair:6   | Found a runed door.
 22123 | Lair:6   | Noticed Kirke
 22133 | Lair:6   | Killed Kirke
 22197 | Lair:6   | Offered knowledge of Bolt of Magma by Vehumet.
 22204 | Lair:6   | Learned a level 5 spell: Bolt of Magma
 23342 | D:11     | Noticed Urug
 23344 | D:11     | Killed Urug
 23521 | D:11     | Reached skill level 10 in Fire Magic
 24609 | D:12     | Reached skill level 10 in Conjurations
 24686 | D:12     | Reached XP level 15. HP: 79/89 MP: 27/30
 24876 | D:12     | Got a dazzling trident {flame}
 24877 | D:12     | Identified the +11 trident of Popular Demand {flame, MR+} (You took it off an orc on level 12 of the Dungeon)
 25039 | D:12     | Got a faintly humming buckler
 25045 | D:12     | Identified the +2 buckler of Qien {rC++} (You acquired it on level 12 of the Dungeon)
 25053 | D:12     | Offered knowledge of Orb of Destruction by Vehumet.
 25064 | D:12     | Learned a level 7 spell: Orb of Destruction
 25107 | D:12     | Found a staircase to the Orcish Mines.
 25115 | D:12     | Reached skill level 12 in Spellcasting
 25156 | D:12     | Reached ****** piety under Vehumet
 25475 | D:12     | Found a basalt altar of Yredelemnul.
 25567 | D:12     | Learned a level 1 spell: Apportation
 25933 | D:13     | Reached skill level 1 in Shields
 26240 | D:13     | Found a large runed door.
 26241 | D:13     | Found a large runed door.
 26380 | D:13     | Found a sparkling altar of Nemelex Xobeh.
 26385 | D:13     | Found a basalt altar of Yredelemnul.
 27429 | D:14     | Found a snail-covered altar of Cheibriados.
 27450 | D:14     | Offered knowledge of Poisonous Cloud by Vehumet.
 27706 | D:14     | Found a gate to the Vaults.
 27842 | D:15     | Entered Level 15 of the Dungeon
 28397 | D:15     | Reached XP level 16. HP: 96/96 MP: 21/32
 28691 | D:15     | Found a staircase to the Depths.
 28874 | Orc:1    | Entered Level 1 of the Orcish Mines
 29104 | Orc:2    | Entered Level 2 of the Orcish Mines
 29562 | Orc:2    | Offered knowledge of Freezing Cloud by Vehumet.
 29840 | Orc:2    | Found Uqihonk's Antique Armour Shoppe.
 30206 | Orc:2    | Found Cumne's Antique Armour Shoppe.
 30471 | Orc:2    | Found Naihibom's Magic Scroll Boutique.
 30471 | Orc:2    | Found Jetoredd's Distillery.
 30476 | Orc:2    | Reached skill level 13 in Spellcasting
 30503 | Orc:2    | Bought a potion of ambrosia for 112 gold pieces
 30503 | Orc:2    | Bought a potion of resistance for 140 gold pieces
 30503 | Orc:2    | Bought a potion of haste for 140 gold pieces
 30503 | Orc:2    | Bought a potion of resistance for 140 gold pieces
 30506 | Orc:2    | Bought a scroll of magic mapping for 52 gold pieces
 30535 | Orc:2    | Found Ledaronao's General Store.
 30549 | Orc:2    | Bought a potion of heal wounds for 70 gold pieces
 30609 | Orc:2    | Found Jiucefyu's Antique Weapon Emporium.
 30746 | Orc:2    | Found a roughly hewn altar of Beogh.
 31215 | Orc:2    | Found a staircase to the Elven Halls.
 31218 | Orc:2    | Found Liump's Book Shop.
 31531 | Orc:2    | Bought the +8 whip "Snakebite" {curare, rPois} for 2059 gold pieces
 31991 | Spider:1 | Entered Level 1 of the Spider Nest
 32978 | Spider:1 | Offered knowledge of Poison Arrow by Vehumet.
 33186 | Spider:2 | Got a dazzling long sword
 33187 | Spider:2 | Identified the +10 long sword of Cruel Justice {drain, rPois Int+2 Stlth-} (You found it on level 2 of the Spider Nest)
 33254 | Spider:2 | Reached skill level 10 in Fighting
 33394 | Spider:2 | Reached skill level 5 in Shields
 33975 | Spider:2 | Reached XP level 17. HP: 96/102 MP: 21/34
 34213 | Spider:2 | Offered knowledge of Lehudib's Crystal Spear by Vehumet.
 34213 | Spider:2 | Offered knowledge of Fire Storm by Vehumet.
 34213 | Spider:2 | Offered knowledge of Chain Lightning by Vehumet.
 34952 | Spider:2 | Gained mutation: Your muscles are strong. (Str +2) [potion of beneficial mutation]
 35131 | Spider:2 | Upgraded the game from 0.19-a0-1508-g2ac1aae to 0.19-a0-1511-g16f215b
 35204 | Swamp:1  | Entered Level 1 of the Swamp
 35626 | Swamp:1  | Found a hazy altar of Hepliaklqana.
 36777 | Swamp:2  | Noticed Aizul
 36791 | Swamp:2  | Killed Aizul
 36791 | Swamp:2  | Reached skill level 10 in Maces & Flails
 37344 | Swamp:3  | Noticed Jorgrun
 37407 | Swamp:3  | Found a frozen archway.
 37437 | IceCv    | Entered an ice cave
 38573 | IceCv    | Noticed an Ice Fiend
 38579 | IceCv    | Killed an Ice Fiend
 39091 | IceCv    | Got a pair of polished gloves
 39092 | IceCv    | Identified the +2 pair of gloves of Indemnity {Regen+ rCorr Stlth-} (You found it in an ice cave)
 39100 | IceCv    | Got a steaming robe
 39103 | IceCv    | Identified the cursed +1 robe of Wonder {+Fly} (You found it in an ice cave)
 39109 | IceCv    | Got a transparent shortbow
 39173 | Swamp:3  | Reached skill level 14 in Spellcasting
 39597 | Swamp:3  | Reached XP level 18. HP: 101/108 MP: 36/36
 39673 | Swamp:3  | Killed Jorgrun
 40211 | Swamp:4  | Entered Level 4 of the Swamp
 40225 | Swamp:4  | Noticed Grim's ghost (adept MiBe)
 40252 | Swamp:4  | Killed Grim's ghost
 41656 | Swamp:4  | Got a decaying rune of Zot
 43516 | Spider:3 | Reached XP level 19. HP: 109/115 MP: 37/37
 44189 | Spider:4 | Entered Level 4 of the Spider Nest
 45496 | Spider:4 | Noticed Arachne
 45527 | Spider:4 | Killed Arachne
 45527 | Spider:4 | Reached skill level 10 in Armour
 46854 | Spider:4 | Reached skill level 15 in Spellcasting
 46862 | Spider:4 | Mangled by an emperor scorpion

Vault maps used:
D:1:      dpeg_arrival_stone_temple_mockup, st_stairs_13
D:2:      minmay_wonky_spiral, evilmike_ruin_ashenzari, uniq_terence
D:3:      lemuel_round_altar, first_bread, ecumenical_altar_1, uniq_robin
D:4:      okawaru_trees_1, serial_shops, nicolae_shop_behind_doors, shop, shop,
          nicolae_shop_behind_doors, nicolae_shop_behind_doors,
          small_statue_intersection, grunt_ministairs_1, minmay_lizard_king,
          uniq_menkaure, uniq_sigmund, uniq_eustachio
D:5:      kennysheep_little_box, overflow_temple_1_default, elyvilon_altar_4,
          serial_bayou, serial_bayou_pond_e, serial_bayou_pond_a,
          serial_bayou_pond_e, serial_bayou_pond_d
D:6:      kennysheep_mini, minmay_stone_trees_small
D:7:      the_bakery
D:8:      lemuel_crystal_altar, kennysheep_mini_moat, lemuel_doored_altar,
          marbit_many_paths, grunt_gozag_statues, nicolae_straight_to_the_point
D:9:      serial_shops, shop, minmay_radiant
D:10:     lair_0_dummy, serial_shops, shop, special_room
D:11:     minivault_22, kennysheep_generic_room_5, uniq_urug
D:12:     lemuel_vampire_tower, minmay_orc_entry_guard_dogs
D:13:     jmf_multi_god_temple2
D:14:     david_vaults_2, cheibriados_altar_1, grunt_tough_drop
D:15:     grunt_enter_depths_magical_seal, minmay_tree_intersection
Temple:   jpeg_temple_alley_garden
Lair:1:   enter_volcano_3, lemuel_fruit_tree, uniq_sonja
Lair:2:   spider_nest_entry_web_field, st_stairs_13, serial_bayou_pond_a,
          serial_bayou_lagoon_b
Lair:3:   minmay_swamp_entry_worms
Lair:4:   grunt_forest_small_clearing_treed
Lair:5:   slime_altar_1, nicolae_quartered_pool_little
Lair:6:   wormcave, guppyfry_lair_end_dragon, minivault_19,
          nicolae_quartered_pool_medium, minmay_lair_drake_nest,
          infiniplex_staircase_pool, uniq_kirke
Swamp:1:  nicolae_swamp_godswood, hangedman_swamp_blocks
Swamp:2:  evilmike_swamp_ruin_rubble_1, uniq_aizul
Swamp:3:  portal_ice_cave_entry_ice_statue_two, serial_swamp_ruin,
          hangedman_swamp_ruin_wall, evilmike_swamp_ruin_house_1,
          evilmike_swamp_ruin_house_5, hangedman_swamp_dais, uniq_jorgrun
Swamp:4:  swamp_icy, swamp_pool1
Spider:2: spiders_nest_a, spider_trap
Spider:3: spider_temple_joshua
Spider:4: spider_rune_water, uniq_arachne
Orc:2:    grunt_orc_gardens, grunt_orc_garden, grunt_orc_garden,
          grunt_orc_garden, grunt_orc_garden, serial_shops, shop,
          nicolae_shop_statue_plus, shop, basic_altar
IceCv:    ice_cave_tombish
Volcano:  volcano_caves

Skill      XL: |  1  2  3  4  5  6  7  8  9 10 11 12 13 14 15 16 17 18 19 |
---------------+----------------------------------------------------------+-----
Earth Magic    | 4 5 6 7 8 9 10 11 12 13 14 | 14.5
Spellcasting   | 3 4 5 7 8 9 10 11 12 13 14 15 | 15.0
Conjurations   | 1 2 3 4 5 6 7 8 9 10 11 12 | 12.7
Fighting       | 1 2 4 5 6 7 8 9 10 11 | 11.8
Short Blades   | 1 |  1.0
Maces & Flails | 1 2 3 4 6 8 9 10 11 | 11.2
Armour         | 1 2 4 5 6 7 8 9 10 | 10.1
Dodging        | 3 4 5 6 7 8 9 |  9.8
Fire Magic     | 2 4 6 7 9 10 11 12 13 14 | 14.7
Shields        | 3 5 6 |  6.0
Stealth        | |  2.1
Transmutations | |  0.7

Action                   |  1- 3 |  4- 6 |  7- 9 | 10-12 | 13-15 | 16-18 | 19-21 || total
-------------------------+-------+-------+-------+-------+-------+-------+-------++-------
Melee: Flail             |    55 |   201 |    60 |       |       |       |       ||   316
       Short sword       |       |       |   188 |   346 |   266 |       |       ||   800
       Whip              |       |       |       |   317 |    93 |   339 |       ||   749
       Mace              |       |       |       |    64 |       |       |       ||    64
       Eveningstar       |       |       |       |       |   124 |       |       ||   124
       Trident           |       |       |       |       |   341 |  1077 |   134 ||  1552
       Long sword        |       |       |       |       |       |    40 |       ||    40
 Cast: Sandblast         |    31 |    24 |    28 |    24 |       |       |       ||   107
       Stone Arrow       |       |     5 |    23 |   135 |   143 |    20 |    33 ||   359
       Lee's Rapid Decon |       |       |     8 |     8 |    39 |    46 |     9 ||   110
       Fireball          |       |       |       |    21 |    82 |    87 |    33 ||   223
       Bolt of Draining  |       |       |       |     5 |    36 |    31 |    10 ||    82
       Iron Shot         |       |       |       |       |   103 |   205 |    34 ||   342
       Bolt of Magma     |       |       |       |       |     8 |    55 |    28 ||    91
 Abil: Fly               |       |       |       |       |     1 |       |       ||     1
Evoke: Wand              |       |       |       |     1 |     5 |     3 |     3 ||    12
  Use: Scroll            |       |     6 |     9 |    14 |    12 |    19 |     1 ||    61
       Potion            |       |     2 |     3 |     4 |     6 |     9 |     5 ||    29
 Stab: Sleeping          |     2 |     3 |     5 |     2 |       |     1 |       ||    13
       Confused          |       |       |       |       |       |     1 |       ||     1
  Eat: Chunk             |     1 |     9 |    17 |    28 |    48 |    41 |     8 ||   152
       Royal jelly       |       |     1 |     1 |       |     1 |       |     1 ||     4
       Fruit             |       |       |     5 |     5 |     4 |     5 |       ||    19
       Beef jerky        |       |       |     1 |     2 |     2 |     2 |       ||     7
       Pizza             |       |       |     1 |       |     1 |       |     1 ||     3
       Bread ration      |       |       |       |     1 |     2 |     4 |     1 ||     8
       Meat ration       |       |       |       |       |     1 |     3 |       ||     4
Armor: Robe              |    36 |   126 |    76 |       |       |       |       ||   238
       Leather armour    |       |       |    40 |   414 |   173 |       |       ||   627
       Quicksilver drago |       |       |       |       |   491 |  1533 |   275 ||  2299
Dodge: Dodged            |    65 |   174 |   171 |   616 |   695 |  1311 |   236 ||  3268
Block: Buckler           |       |       |       |       |    84 |   698 |    92 ||   874
